 Dungeon Crawl Stone Soup version 0.18-a0-822-gb52b7b4 (webtiles) character file.

35 glosham the Caller (level 3, -4/30 HPs)
             Began as a Demigod Summoner on Dec 16, 2015.
             Slain by Robin
             ... wielding a +4 dagger of protection
              (10 damage)
             ... on level 2 of the Dungeon.
             The game lasted 00:20:31 (1914 turns).

glosham the Caller (Demigod Summoner)               Turns: 1914, Time: 00:20:31

Health: -4/30      AC:  2    Str: 11    XL:     3   Next: 4%
Magic:  8/8        EV: 12    Int: 21    God:
Gold:   125        SH:  0    Dex: 16    Spells: 2 memorised, 2 levels left

rFire  . . .     SeeInvis .     a - +1 short sword (speed)
rCold  . . .     Gourm    .     d - +0 robe
rNeg   . . .     Faith    .     (no shield)
rPois  .         Spirit   .     (no helmet)
rElec  .         Dismiss  .     (no cloak)
rCorr  .         Reflect  .     (no gloves)
SustAt +         Harm     +     (no boots)
MR     .....                    z - amulet of harm
Stlth  ++........               (no ring)
                                (no ring)

@: not resistant to hostile enchantments, unstealthy
A: high mp 1, sustain attributes
a: no special abilities


You were on level 2 of the Dungeon.
You were not hungry.

You visited 1 branch of the dungeon, and saw 2 of its levels.

You collected 125 gold pieces.

Inventory:

Hand Weapons
 a - a +1 short sword of speed (weapon)
 l - a +0 spear
 p - a +0 spear
Missiles
 f - 45 stones (quivered)
 h - 5 exploding tomahawks
 j - 18 arrows
 o - 9 poisoned arrows
Armour
 d - a +0 robe (worn)
Jewellery
 z - an amulet of harm (around neck)
Scrolls
 k - 2 scrolls of remove curse
Potions
 e - 3 potions of magic
 m - a potion of ambrosia
Books
 b - a book of Callings

   Spells                             Type                      Level
   a - Summon Small Mammal            Summoning                    1
   b - Call Imp                       Summoning                    2
   c - Call Canine Familiar           Summoning                    3
   d - Summon Guardian Golem          Hexes/Summoning              3
   e - Summon Lightning Spire         Summoning/Air                4
   f - Summon Ice Beast               Ice/Summoning                4
Comestibles
 c - 3 bread rations
 g - 9 chunks of flesh


   Skills:
 * Level 2.5 Fighting
 - Level 1.7 Dodging
 - Level 1.7 Stealth
 - Level 1.7 Spellcasting
 - Level 3.6 Summonings


You had 2 spell levels left.
You knew the following spells:

 Your Spells              Type           Power        Failure   Level  Hunger
i - Call Imp              Summ           ###.....     6%          2    ###....
m - Summon Small Mammal   Summ           ###.         3%          1    #......


Dungeon Overview and Level Annotations

Branches:
Dungeon (2/15)

Annotations:
D:2 Robin


Innate Abilities, Weirdness & Mutations

You have an increased reservoir of magic (+10% MP).
Your attributes are resistant to harm.


Message History

The goblin misses you.
You closely miss the goblin.
The goblin is moderately wounded.
You hit the goblin.
The goblin is heavily wounded.
The goblin completely misses you.
Robin hits you with a dagger of protection.
You closely miss Robin.
Robin is lightly wounded.
The goblin hits you.
* * * LOW HITPOINT WARNING * * *
Drink which item? (? for menu, Esc to quit)
You feel better.
Robin hits you with a dagger of protection.
The goblin closely misses you.
You hit Robin but do no damage.
Robin is lightly wounded.
Robin hits you with a dagger of protection.
* * * LOW HITPOINT WARNING * * *
The goblin hits you.
* * * LOW HITPOINT WARNING * * *
Drink which item? (? for menu, Esc to quit)
You feel better.
Robin hits you with a dagger of protection.
* * * LOW HITPOINT WARNING * * *
The goblin closely misses you.
You hit Robin but do no damage.
Robin is lightly wounded.
Robin closely misses you.
You barely miss Robin.
Robin is lightly wounded.
The goblin misses you. Robin hits you but does no damage.
You hit Robin but do no damage.
Robin is lightly wounded.
The goblin hits you.
* * * LOW HITPOINT WARNING * * *
You hit Robin but do no damage.
Robin is lightly wounded.
Robin hits you with a dagger of protection!
You die...

#....... #.......
#....... ###########
#....... #....gggg.#
######## #.#######.#
#.#...)...#
#.#.####################
#..)!gg@g...............
###.####################
#.# #.# #.####.#
#....[.# ########


You could see Robin, a hobgoblin (frenzied) and a goblin (frenzied).

Vanquished Creatures
  An ooze (D:1)
  A ball python (D:1)
  A giant cockroach (D:1)
  2 hobgoblins
  4 kobolds (D:1)
  3 bats
  A giant newt (D:1)
  12 goblins
  4 rats
29 creatures vanquished.

Vanquished Creatures (collateral kills)
  A kobold (D:1)
1 creature vanquished.

Grand Total: 30 creatures vanquished

Notes
Turn   | Place    | Note
--------------------------------------------------------------
     0 | D:1      | glosham the Demigod Summoner began the quest for the Orb.
     0 | D:1      | Reached XP level 1. HP: 14/14 MP: 5/5
   413 | D:1      | Reached skill level 1 in Fighting
   912 | D:1      | Reached XP level 2. HP: 7/23 MP: 4/7
  1289 | D:1      | Reached skill level 2 in Fighting
  1571 | D:1      | Learned a level 2 spell: Call Imp
  1812 | D:2      | Noticed Robin
  1894 | D:2      | Reached XP level 3. HP: 27/30 MP: 8/8
  1909 | D:2      | HP: 3/30 [goblin[Robin] (1)]
  1914 | D:2      | Slain by Robin

Vault maps used:
D:1:      dpeg_arrival_simpleton_a, serial_bayou, serial_bayou_shore_a,
          serial_bayou_ford_a, serial_bayou_pond_d, serial_bayou_pond_e,
          wad_floor_pattern_untrapped
D:2:      grunt_qazlal_sundering, uniq_robin

Action                   || total
-------------------------++-------
Melee: Club              ||    63
       Short sword       ||    73
 Cast: Summon Small Mamm ||     2
  Use: Scroll            ||     8
       Potion            ||     2
 Stab: Sleeping          ||     7
  Eat: Chunk             ||     3

Table legend:
 A = Turns spent in this place as a percentage of turns spent in the entire game.
 B = Non-inter-level travel turns spent in this place as a percentage of non-inter-level travel turns spent in the entire game.
 C = Inter-level travel turns spent in this place as a percentage of turns spent in this place.
 D = Turns resting spent in this place as a percentage of non-inter-level travel turns spent in this place.
 E = Turns spent auto-exploring this place as a percentage of non-inter-level travel turns spent in this place.
 F = Non-inter-level travel turns spent in this place divided by the number of levels of this place that you've seen.
                   A       B       C       D       E      F
               +-------+-------+-------+-------+-------+----------------------
         Total | 100.0 | 100.0 |   0.6 |   2.6 |   0.1 | 417.5
       Dungeon | 100.0 | 100.0 |   0.6 |   2.6 |   0.1 | 417.5
               +-------+-------+-------+-------+-------+----------------------

Table legend:
 A = Kills in this place as a percentage of kills in entire the game.
 B = Kills by you in this place as a percentage of kills by you in the entire game.
 C = Kills by friends in this place as a percentage of kills by friends in the entire game.
 D = Other kills in this place as a percentage of other kills in the entire game.
 E = Experience gained in this place as a percentage of experience gained in the entire game.
 F = Experience gained in this place divided by the number of levels of this place that you have seen.
                   A       B       C       D       E      F
               +-------+-------+-------+-------+-------+----------------------
         Total | 100.0 | 100.0 | 100.0 |  -nan | 100.0 |  25.5
       Dungeon | 100.0 | 100.0 | 100.0 |  -nan | 100.0 |  25.5
               +-------+-------+-------+-------+-------+----------------------

Vault maps used:
D:1:      dpeg_arrival_simpleton_a, serial_bayou, serial_bayou_shore_a,
          serial_bayou_ford_a, serial_bayou_pond_d, serial_bayou_pond_e,
          wad_floor_pattern_untrapped
D:2:      grunt_qazlal_sundering, uniq_robin
